 Dungeon Crawl Stone Soup version 0.28.0-53-g5a82cb258f (webtiles) character file.

Game seed: 8092491041218864784

104 Peloso the Covered (level 4, -4/40 HPs)
             Began as a Minotaur Fighter on May 25, 2022.
             Killed by divine providence
             ... invoked by an orc priest
              (9 damage)
             ... on level 4 of the Dungeon.
             The game lasted 00:03:17 (2647 turns).

Peloso the Covered (Minotaur Fighter)               Turns: 2647, Time: 00:03:17

Health: -4/40      AC:  7    Str: 21    XL:     4   Next: 52%
Magic:  3/3        EV:  9    Int:  5    God:
Gold:   39         SH:  5    Dex: 17    Spells: 3/3 levels left

rFire   . . .      SeeInvis .   a - +0 long sword (elec)
rCold   . . .      Faith    .   c - +0 buckler
rNeg    . . .      Spirit   .   b - +0 scale mail
rPois   .          Reflect  .   (helmet restricted)
rElec   .          Harm     .   (no cloak)
rCorr   .          Rampage  .   (no gloves)
Will    .....                   (no boots)
Stlth   ..........              (no amulet)
HPRegen 0.13/turn               n - +6 ring of dexterity
MPRegen 0.08/turn               (no ring)

@: no status effects
A: horns 2, retaliatory headbutt
a: no special abilities


You were on level 4 of the Dungeon.
You visited 1 branch of the dungeon, and saw 4 of its levels.

You collected 39 gold pieces.

Inventory:

Hand Weapons
 a - a +0 long sword of electrocution (weapon)
Armour
 b - a +0 scale mail (worn)
 c - a +0 buckler (worn)
Jewellery
 f - a ring of ice
 h - a ring of ice
 n - a +6 ring of dexterity (left hand)
 p - a +4 ring of evasion
Wands
 k - a wand of acid (10)
Scrolls
 e - a scroll of identify
 g - a scroll of enchant weapon
 i - 2 scrolls of noise
 j - 2 scrolls of brand weapon
 l - a scroll of enchant armour
 o - a scroll of acquirement
 q - a scroll of immolation {unknown}
Potions
 d - a potion of might
 m - a potion of mutation


   Skills:
 + Level 4.2 Fighting
 + Level 3.6 Long Blades
 + Level 4.5 Armour
 + Level 0.8 Dodging
 + Level 4.4 Shields


You had 3 spell levels left.
You didn't know any spells.
Your spell library was empty.

Dungeon Overview and Level Annotations

Branches:
Dungeon (4/15)
 Temple: D:4-7

Altars:
Xom

Shops:
D:2 !


Innate Abilities, Weirdness & Mutations

You have a pair of horns on your head.
You reflexively headbutt those who attack you in melee.


Message History

You barely miss the ufetubus. You block the ufetubus's attack.
The ufetubus hits you but does no damage. x2
The ufetubus completely misses you.
You slash the ufetubus!
Lightning courses through the ufetubus!!
You kill the ufetubus!
An orc priest comes into view. It is wielding a +0 flail.
Found a pair of gloves.
The orc priest shouts!
You hear a shout! x2
An orc priest is nearby!
An orc priest is nearby!
Found a shimmering altar of Xom.
The orc priest hits you with a +0 flail.
An orc comes into view. It is wielding a +0 hand axe.
You slash the orc priest!
The orc priest is heavily wounded.
The orc priest hits you with a +0 flail.
You closely miss the orc priest. You headbutt the orc priest.
The orc priest is severely wounded.
The orc priest calls down the wrath of Beogh upon you.
Beogh smites you!
A ball python comes into view.
An orc comes into view. It is wielding a +0 flail.
The ball python hisses angrily.
You hear an angry hiss.
You barely miss the orc.
The teleport trap disappears.
The ball python disappears!
The orc hits you but does no damage.
You hit the orc. You headbutt the orc.
You kill the orc!
The orc priest invokes the aid of Beogh against you.
Beogh smites you!
You slash the orc!
You kill the orc!
The orc priest invokes the aid of Beogh against you.
Beogh smites you!
* * * LOW HITPOINT WARNING * * *
An adder comes into view.
Found 13 stones.
The orc priest invokes the aid of Beogh against you.
Beogh smites you!
You die...

#............#
##
#.##########.#
.. #.# #.#
####. #.# #.#
......##.# #.#
#....## #.#
####..# #.#
##.# #.# #@#
#.# #....So#
#.######
....^^..#
#.......
...^_^.##
########
.#.^.^. #...[.
#.#### #(


You could see an orc priest and an adder.

Vanquished Creatures
  A hound (D:4)
  An adder (D:3)
  An ufetubus (D:4)
  2 worms (D:3)
  2 dart slugs (D:1)
  2 orcs (D:4)
  5 endoplasms
  A giant cockroach (D:2)
  4 goblins
  2 hobgoblins (D:3)
  6 kobolds
  3 quokkas
  3 ball pythons
  6 bats
  5 frilled lizards
  8 rats
52 creatures vanquished.

Notes
Turn   | Place    | Note
-------+----------+-------------------------------------------
     0 | D:1      | Peloso the Minotaur Fighter began the quest for the Orb.
     0 | D:1      | Reached XP level 1. HP: 19/19 MP: 0/0
   375 | D:1      | Reached XP level 2. HP: 26/27 MP: 1/1
  1229 | D:1      | Reached XP level 3. HP: 30/33 MP: 2/2
  1295 | D:2      | Found Jowiase's Distillery.
  1345 | D:2      | Found a shimmering altar of Xom.
  1860 | D:3      | Found a faded altar of an unknown god.
  2581 | D:3      | Identified a scroll of acquirement
  2618 | D:4      | Reached XP level 4. HP: 40/40 MP: 3/3
  2641 | D:4      | Found a shimmering altar of Xom.
  2647 | D:4      | Killed from afar by an orc priest

Illustrated notes

Levels and vault maps discovered:
D:1:      minmay_arrival_widening_spiral_wide, layout_basic,
          chequers_serial_rivers_small_3
D:2:      layout_basic, serial_shops, nicolae_diamond_shop, basic_altar,
          chequers_serial_rivers_room_a
D:3:      layout_basic, ebering_ecumenical_altar_mist, st_stairs_7
D:4:      layout_basic, lemuel_coloured_pillars_altar, xom_teletrap_fun,
          minmay_temple_entry_glassed_door

Skill      XL: |  1  2  3 |
---------------+----------+-----
Armour         | 4 |  4.5
Shields        | 4 |  4.4
Fighting       | 4 |  4.2
Long Blades    | 3 |  3.6
Dodging        | |  0.8

Action                   |  1- 3 |  4- 6 || total
-------------------------+-------+-------++-------
Melee: Long sword        |   101 |     9 ||   110
       Headbutt          |    10 |     2 ||    12
  Use: Scroll            |     6 |       ||     6
Armor: Scale mail        |    57 |     5 ||    62
Dodge: Dodged            |    44 |     5 ||    49
Block: Buckler           |    26 |     2 ||    28
